 Dungeon Crawl Stone Soup version 0.30-a0-134-gb40fab5c76 (webtiles) character file.

Game seed: 695904316840521122

1093 NinjaNoafa the Gusty (level 8, -2/61 HPs)
             Began as a White Draconian Air Elementalist on Sept 19, 2022.
             Was an Initiate of Sif Muna.
             Slain by a gnoll
             ... wielding a +0 whip
             ... led by a gnoll bouda
              (3 damage)
             ... on level 6 of the Dungeon.
             The game lasted 00:16:33 (7195 turns).

NinjaNoafa the Gusty (DrAE)                         Turns: 7195, Time: 00:16:33

Health: -2/61      AC:  8    Str: 14    XL:     8   Next: 9%
Magic:  0/14       EV: 12    Int: 17    God:    Sif Muna [......]
Gold:   1617       SH:  0    Dex: 11    Spells: 9/15 levels left

rFire   . . .      SeeInvis .    g - staff of air
rCold   + . .      Faith    .    (no shield)
rNeg    . . .      Spirit   .    (body armour unavailable)
rPois   .          Reflect  .    (helmet restricted)
rElec   +          Harm     .    (no cloak)
rCorr   .          Rampage  .    n - +1 pair of gloves
Will    .....                    (no boots)
Stlth   ++........               (no amulet)
HPRegen 0.20/turn                (no ring)
MPRegen 0.14/turn                (no ring)

@: mighty, weakened, flying, very slightly contaminated
A: breathe frost, AC +6, unfitting armour, cold resistance 1, cold-blooded, big
wings, strong 1, inability to drink after injury 1
a: Breathe Frost, Renounce Religion


You were on level 6 of the Dungeon.
You worshipped Sif Muna.
Sif Muna was noncommittal.
You visited 2 branches of the dungeon, and saw 7 of its levels.

You collected 1617 gold pieces.

Inventory:

Missiles
 d - 36 stones
 o - 2 throwing nets
Armour
 n - a +1 pair of gloves (worn)
Magical Staves
 g - a staff of air (weapon)
Scrolls
 a - a scroll of poison
 c - 2 scrolls of immolation
 f - 2 scrolls of amnesia
 h - 4 scrolls of vulnerability
Potions
 e - 3 potions of attraction
 i - a potion of curing


   Skills:
 - Level 2.0 Fighting
 + Level 1.7 Staves
 + Level 2.6 Dodging
 + Level 2.7 Stealth
 - Level 4.0 Spellcasting
 - Level 4.0 Conjurations
 - Level 1.7 Ice Magic
 - Level 6.0 Air Magic
 + Level 2.1 Invocations
 + Level 1.9 Evocations


You had 9 spell levels left.
You knew the following spells:

 Your Spells              Type           Power      Damage    Failure   Level
a - Shock                 Conj/Air       100%       1d9       1%          1
b - Static Discharge      Conj/Air       60%        2-5/arc   3%          2
c - Swiftness             Air            35%        N/A       4%          3

Your spell library contained the following spells:

 Spells                   Type           Power      Damage    Failure   Level
 Airstrike                Air            17%        2d(3-19)  13%         4


Dungeon Overview and Level Annotations

Branches:
Dungeon (6/15)             Temple (1/1) D:6

Altars:
Cheibriados
Hepliaklqana
Makhleb
Nemelex Xobeh
Qazlal
Sif Muna
Uskayaw
Vehumet
Wu Jian
Xom
Yredelemnul
Zin
The Shining One

Annotations:
D:6 Pikel


Innate Abilities, Weirdness & Mutations

You can breathe waves of freezing cold which knock back foes.
Your icy white scales are hard. (AC +6)
You cannot fit into any form of body armour.
Your flesh is cold resistant. (rC+)
You are cold-blooded and may be slowed by cold attacks.
Your large and strong wings let you fly.
Your muscles are strong. (Str +4, Int/Dex -1)
You occasionally lose the ability to drink potions when taking damage.


Message History

The gnoll bouda barely misses you.
You cannot drink potions in your current state!
The gnoll attacks as you move away! The gnoll hits you but does no damage.
The gnoll bouda attacks as you move away!
The gnoll bouda closely misses you.
You see here a +0 halberd.
The gnoll bouda gazes fiercely through you!
You feel as though you will be weak longer.
Found a stone staircase leading down.
The gnoll bouda calls upon its god to heal the gnoll.
The gnoll's wounds heal themselves!
You hear an angry hiss.
Okay, then.
The gnoll bouda gazes fiercely through you!
You feel as though you will be weak longer.
The gnoll bouda barks out a call to the hunt!
The gnolls pick up the pace!
The gnoll bouda prays to its god.
The gnoll bouda is healed somewhat.
The gnoll bouda barks out a call to the hunt!
The gnoll barely misses you. The gnoll closely misses you.
The gnoll attacks as you move away! The gnoll hits you but does no damage.
The gnoll closely misses you.
You can drink potions again.
Casting: Static Discharge (safe; 3% risk of failure)
Confirm with . or Enter, or press ? or * to list all spells.
You feel a surge of power!
You miscast Swiftness.
You are very lightly contaminated with residual magic.
Nothing appears to happen.
The gnoll hits you from afar with a +0 halberd!
* * * LOW HITPOINT WARNING * * *
The gnoll closely misses you.
The gnoll bouda gazes fiercely through you!
You feel as though you will be weak longer.
The gnoll closely misses you. The gnoll attacks as you move away!
The gnoll misses you.
The gnoll bouda gazes fiercely through you!
You feel as though you will be weak longer.
The gnoll hits you with a +0 whip.
You die...

#.# #..........# *<* #.#
#..........# *,* #.#
#..........# *,* #.#
#..........# *,* #.#
#..........# *,*
#.####..........# *,*
#...............# *,*
!)..##.........g######.#
....##....>g..g.@......#
....##.#################
....##.# *,,,,,*
....##.# *,***,*
....##.#*******,* *,*
....##..,,,,,,,,* *,*
....#************ *,*
....# *,****
....########* *,**,*


You could see a gnoll bouda and 2 gnolls.

Vanquished Creatures
  A sky beast (D:6)
  3 ogres
  A black bear (D:5)
  2 phantoms (D:5)
  A necrophage (D:6)
  4 jellies
  A hound (D:6)
  A gnoll bouda (D:6)
  2 orc wizards (D:6)
  9 gnolls
  2 adders (D:5)
  2 shadow imps
  3 white imps
  3 dart slugs
  5 orcs
  5 endoplasms
  3 giant cockroaches
  9 hobgoblins
  8 quokkas
  4 ball pythons
  A bat (D:1)
  3 frilled lizards
  5 kobolds
  3 rats
81 creatures vanquished.

Vanquished Creatures (others)
  A lemure (D:6)
  A gnoll bouda (D:6)
  4 gnolls (D:6)
  18 plants (D:5)
24 creatures vanquished.

Grand Total: 105 creatures vanquished

Notes
Turn   | Place    | Note
-------+----------+-------------------------------------------
     0 | D:1      | NinjaNoafa the Draconian Air Elementalist began the quest
                  | for the Orb.
     0 | D:1      | Reached XP level 1. HP: 14/14 MP: 3/3
   363 | D:1      | Reached XP level 2. HP: 2/20 MP: 1/5
  1340 | D:1      | Reached XP level 3. HP: 26/26 MP: 3/6
  2082 | D:2      | Noticed a great orb of eyes
  2085 | D:2      | Found a faded altar of an unknown god.
  2088 | D:2      | Noticed a shining eye
  2088 | D:2      | Noticed a floating eye
  2088 | D:2      | Noticed a great orb of eyes
  3227 | D:4      | Noticed a black bear
  3229 | D:5      | Entered Level 5 of the Dungeon
  3335 | D:5      | Reached XP level 4. HP: 26/33 MP: 3/8
  3476 | D:5      | Learned a level 2 spell: Static Discharge
  3590 | D:5      | Noticed a phantom
  3595 | D:5      | Gained mutation: You are frail. (-10% HP) [potion of
                  | mutation]
  3595 | D:5      | Gained mutation: You occasionally lose the ability to drink
                  | potions when taking damage. [potion of mutation]
  3595 | D:5      | Gained mutation: You are weak. (Str -2) [potion of
                  | mutation]
  3602 | D:5      | Killed a phantom
  3603 | D:5      | Reached skill level 4 in Air Magic
  3603 | D:5      | Reached XP level 5. HP: 25/34 MP: 4/9
  3836 | D:5      | Noticed an ogre
  3836 | D:5      | Noticed a black bear
  4211 | D:6      | Found a staircase to the Ecumenical Temple.
  4302 | Temple   | Entered the Ecumenical Temple
  4457 | Temple   | Became a worshipper of Sif Muna the Loreminder
  4536 | D:6      | Reached XP level 6. HP: 36/40 MP: 5/10
  4608 | D:6      | Noticed Pikel
  4616 | D:6      | Reached skill level 5 in Air Magic
  4642 | D:6      | Noticed a sky beast
  4649 | D:6      | Killed a sky beast
  5130 | D:6      | Noticed a deep elf zephyrmancer
  5203 | D:6      | Learned a level 3 spell: Swiftness
  5413 | D:5      | Your scales start taking on an icy white colour.
  5413 | D:5      | Reached XP level 7. HP: 15/45 MP: 0/13
  5413 | D:5      | Gained mutation: Your flesh is cold resistant. (rC+) [White
                  | Draconian growth]
  5479 | D:5      | Reached skill level 6 in Air Magic
  5997 | D:5      | You fall into a shaft and drop 1 floor!
  6078 | D:5      | Reached skill level 1 in Fighting
  6078 | D:5      | Reached skill level 1 in Staves
  6078 | D:5      | Reached skill level 1 in Ice Magic
  6078 | D:5      | Reached skill level 1 in Invocations
  6078 | D:5      | Reached skill level 1 in Evocations
  6562 | D:5      | Identified 3 scrolls of acquirement
  6572 | D:5      | Acquired a staff of air
  6593 | D:5      | Acquired 483 gold pieces
  6594 | D:5      | Acquired 917 gold pieces
  6989 | D:6      | Reached XP level 8. HP: 54/54 MP: 11/14
  7167 | D:6      | Lost mutation: You are frail. (-10% HP) [potion of
                  | mutation]
  7167 | D:6      | Lost mutation: You are weak. (Str -2) [potion of mutation]
  7167 | D:6      | Gained mutation: Your large and strong wings let you fly.
                  | [potion of mutation]
  7167 | D:6      | Gained mutation: Your muscles are strong. (Str +4, Int/Dex
                  | -1) [potion of mutation]
  7191 | D:6      | HP: 1/61 [gnoll/+0 halberd[a gnoll bouda] (7)]
  7195 | D:6      | Slain by a gnoll

Illustrated notes

Levels and vault maps discovered:
D:1:      tarquinn_simple_flora_water_f, layout_loops_cross
D:2:      layout_basic, hellmonk_ecumenical_altar_watching_god,
          chequers_serial_rivers_marsh
D:3:      layout_basic
D:4:      layout_layer_cave, nicolae_ru_great_annihilating_truth,
          mainiacjoe_overflow_brackets, mainiacjoe_overflow_large_starburst,
          uniq_crazy_yiuf_cottage
D:5:      layout_loops_corners, kennysheep_minor_cross,
          hangedman_decor_riveting, serial_bayou_lake_a
D:6:      layout_basic, lemuel_temple_firewalk_b, guppyfry_early_elven_hall,
          uniq_pikel
Temple:   hellmonk_temple_forest_ring

Skill      XL: |  1  2  3  4  5  6  7  8 |
---------------+-------------------------+-----
Conjurations   | 2 3 4 |  4.0
Spellcasting   | 3 4 |  4.0
Air Magic      | 4 5 6 |  6.0
Dodging        | 2 |  2.6
Stealth        | 2 |  2.7
Fighting       | 1 2 |  2.0
Staves         | 1 |  1.7
Ice Magic      | 1 |  1.7
Invocations    | 1 2 |  2.1
Evocations     | 1 |  1.9

Action                   |  1- 3 |  4- 6 |  7- 9 || total
-------------------------+-------+-------+-------++-------
Melee: Unarmed           |     9 |       |       ||     9
       Tailslap          |     5 |     2 |     5 ||    12
       Dagger            |    22 |    16 |       ||    38
       Staff             |       |     3 |    23 ||    26
       Punch             |       |       |     1 ||     1
 Cast: Shock             |    94 |    37 |    29 ||   160
       Static Discharge  |       |    21 |    22 ||    43
       Swiftness         |       |     1 |     2 ||     3
 Abil: Breathe Frost     |       |       |     6 ||     6
  Use: Potion            |     2 |     5 |     3 ||    10
       Scroll            |     9 |     7 |     4 ||    20
Armor: Skin              |     9 |    29 |    10 ||    48
Dodge: Dodged            |    38 |    34 |    40 ||   112

Table legend: (Time is in decaauts)
 A = Elapsed time spent in this place.
 B = Non-inter-level travel time spent in this place.
 C = Inter-level travel time spent in this place.
 D = Time resting spent in this place.
 E = Time spent auto-exploring this place.
 F = Levels seen in this place.
 G = Mean time per level.
                   A        B        C        D        E       F      G
               +--------+--------+--------+--------+--------+-----+--------+
         Total |   7220 |   6797 |    423 |      0 |   5876 |   7 | 1031.4 |
       Dungeon |   7045 |   6654 |    391 |      0 |   5747 |   6 | 1174.2 |
        Temple |    174 |    142 |     32 |      0 |    129 |   1 |  174.0 |
               +--------+--------+--------+--------+--------+-----+--------+

Top non-repeatable levels by time:
     D:5: 2250 daAuts
     D:1: 1584 daAuts
     D:6: 1563 daAuts
     D:3: 869 daAuts
     D:2: 772 daAuts
  Temple: 174 daAuts
     D:4: 5 daAuts
